Panthers vs Flyers
Created - February 15, 2025 at 23:45
Goals
|
| Panthers |
1 |
2 |
0 |
1 |
4 |
| Flyers |
0 |
1 |
2 |
0 |
3 |
|
Shots
|
| Panthers |
9 |
7 |
10 |
2 |
28 |
| Flyers |
6 |
11 |
5 |
0 |
22 |
|
1st period
1. Panthers , Pavel Buchnevich 10 (Alex Pietrangelo 25, Matt Duchene 27) at 16:44
Penalties :
Dmitrij Jaskin (Flo) for Delaying the game (Minor) at 18:48
2nd period
2. Panthers , Miro Aaltonen 8 (Aaron Ekblad 16) at 8:03
3. Panthers , Aleksander Barkov 13 (Derick Brassard 9, Tyler Toffoli 14) at 10:17
4. Flyers , Nick Ritchie 24 (Travis Konecny 10, Jordan Nolan 33) at 17:57
Penalties :
Jake Dotchin (Phi) for Cross-checking (Minor) at 3:46, Travis Konecny (Phi) for Delaying the game (Minor) at 5:49, Calle Jarnkrok (Phi) for Holding (Minor) at 11:21
3rd period
5. Flyers , Kasperi Kapanen 17 (Brian Lashoff 12, Kevin Hayes 27) at 0:49
6. Flyers , Nick Ritchie 25 (Jordan Nolan 34) at 2:03 (PP)
Penalties :
Matt Duchene (Flo) for Elbowing (Minor) at 1:54, Derick Brassard (Flo) for Holding (Minor) at 15:27
Overtime #1
7. Panthers , Matt Duchene 21 (Tyler Toffoli 15, Alex Pietrangelo 26) at 0:34
Penalties :
No Penalty
Goalie Stats
Brandon Halverson (Flo), 19 saves from 22 shots - (0.864), W, 7-2-0, 60:34 minutes
Ilya Sorokin (Phi), 24 saves from 28 shots - (0.857), OTL, 5-6-2, 60:34 minutes
Players Stats for Panthers
Player Name G A P +/- PIM S H SB GA TA FO MP PP MP PK MP
------------------------------------------------------------------------------------
Aaron Ekblad 0 1 1 0 0 0 1 1 1 0 0/0 28:04 3:17 1:37
Aleksander Barkov 1 0 1 0 0 2 2 1 1 1 3/16 17:37 2:31 2:25
Alex Pietrangelo 0 2 2 1 0 1 1 0 0 1 0/0 29:12 3:17 2:30
Chris Bourque 0 0 0 0 0 1 0 1 0 0 0/0 8:23 0:09 0:56
Danny DeKeiser 0 0 0 0 0 0 2 1 0 0 0/0 19:35 2:40 1:37
Derick Brassard 0 1 1 0 2 2 1 0 1 1 0/0 14:55 2:31 0:00
Dmitrij Jaskin 0 0 0 0 2 0 1 0 0 0 0/0 7:38 0:00 0:00
Dominik Kahun 0 0 0 0 0 0 0 0 0 0 1/3 7:36 0:00 0:26
Drake Batherson 0 0 0 0 0 4 2 0 1 0 1/1 21:43 3:26 0:00
John Draeger 0 0 0 1 0 1 3 0 0 0 0/0 11:47 0:00 0:00
Jordan Szwarz 0 0 0 1 0 4 3 1 0 1 0/0 12:32 0:00 0:41
Matt Duchene 1 1 2 1 2 4 1 0 0 0 17/31 22:13 3:26 0:00
Miro Aaltonen 1 0 1 1 0 3 2 1 0 0 1/4 13:07 0:00 1:16
Niklas Hansson 0 0 0 0 0 1 0 1 0 3 0/0 20:09 2:40 2:30
Nikolay Goldobin 0 0 0 1 0 1 0 0 0 0 0/0 11:38 0:00 0:00
Pavel Buchnevich 1 0 1 0 0 2 0 0 0 1 0/0 21:34 3:17 0:00
Radim Simek 0 0 0 1 0 1 0 0 0 1 0/0 11:47 0:00 0:00
Tyler Toffoli 0 2 2 1 0 1 1 0 0 0 1/1 18:02 2:31 2:30
Players Stats for Flyers
Player Name G A P +/- PIM S H SB GA TA FO MP PP MP PK MP
------------------------------------------------------------------------------------
Alexandre Grenier 0 0 0 -1 0 0 0 0 0 0 0/0 8:12 0:00 0:00
Brian Lashoff 0 1 1 2 0 0 2 0 0 0 0/0 24:27 2:36 2:43
Cal Foote 0 0 0 -2 0 0 1 0 0 0 0/0 17:29 0:00 0:00
Calle Jarnkrok 0 0 0 -1 2 1 2 0 0 0 3/6 13:11 0:00 1:01
Hampus Lindholm 0 0 0 1 0 1 1 2 3 0 0/0 27:19 2:36 2:43
Jacob Trouba 0 0 0 -1 0 1 1 2 1 0 0/0 18:04 1:31 3:14
Jake Dotchin 0 0 0 -1 2 0 0 1 0 0 0/0 10:44 0:00 0:04
Jordan Nolan 0 2 2 0 0 1 0 0 0 0 13/25 20:54 2:20 0:19
Kasperi Kapanen 1 0 1 0 0 3 0 0 0 0 1/1 14:44 1:47 0:00
Kevin Hayes 0 1 1 0 0 4 2 1 0 2 10/17 17:55 1:47 3:10
Max Pacioretty 0 0 0 -1 0 1 3 0 0 0 1/1 15:56 1:47 2:30
Michael Bournival 0 0 0 -1 0 0 0 0 1 1 1/1 7:59 0:00 0:17
Nathan Beaulieu 0 0 0 -2 0 1 1 2 0 1 0/0 22:31 1:31 3:10
Nick Ritchie 2 0 2 0 0 6 1 1 2 0 0/1 21:50 2:20 1:27
Niclas Bergfors 0 0 0 -1 0 2 0 1 2 0 0/0 10:56 0:00 0:00
Patrice Bergeron 0 0 0 -1 0 0 0 0 0 0 1/1 7:19 0:00 0:00
Samuel Morin 0 0 0 0 0 0 3 2 0 0 1/1 16:16 0:00 3:10
Travis Konecny 0 1 1 1 2 1 3 0 0 0 1/2 19:56 2:20 0:00
3 Stars
1 - Nick Ritchie (Phi)
2 - Miro Aaltonen (Flo)
3 - Matt Duchene (Flo)
Power Play
Panthers - 0 on 3 Attempt(s) - 0.00%
Flyers - 1 on 3 Attempt(s) - 33.33%
Penalty Kill
Panthers - 2 on 3 Attempt(s) - 66.67%
- Score 0 goal in Penalty Kill
Flyers - 3 on 3 Attempt(s) - 100.00%
- Score 0 goal in Penalty Kill
Team Stat
Panthers - Hits : 20 - Faceoff Wins : 24 - Blocked Shots : 7 - Penalty Minutes : 6
Flyers - Hits : 20 - Faceoff Wins : 32 - Blocked Shots : 12 - Penalty Minutes : 6
Official
Referees : Kelly Sutherland and Tom Chmielewski
Linesman : Steve Miller and Michel Cormier
Game Notes
No Game Note
Finance
Level 1 -- Attendance: 6000 (100.00%) -- Ticket Income $600,000
Level 2 -- Attendance: 4948 (98.96%) -- Ticket Income $346,360
Level 3 -- Attendance: 2000 (100.00%) -- Ticket Income $80,000
Level 4 -- Attendance: 3827 (95.68%) -- Ticket Income $114,810
Luxury Box -- Attendance: 1000 (100.00%) -- Ticket Income $200,000
Game was played at the Wells Fargo Center.
Total Attendance: 17775 (98.75%)
Total Ticket Income: $1,341,170
Other Income: $201,176
Total Income: $1,542,346
Panthers
5 vs 5 Forward
Center Left Wing Right Wing Time % Phy DF OF
1 Matt Duchene Pavel Buchnevich Drake Batherson 40 0 2 3
2 Aleksander Barkov Derick Brassard Tyler Toffoli 30 0 2 3
3 Miro Aaltonen Nikolay Goldobin Jordan Szwarz 20 1 2 2
4 Dominik Kahun Chris Bourque Dmitrij Jaskin 10 1 2 2
5 vs 5 Defense
Defense Defense Time % Phy DF OF
1 Alex Pietrangelo Aaron Ekblad 40 0 2 3
2 Niklas Hansson Danny DeKeiser 30 1 2 2
3 John Draeger Radim Simek 20 1 2 2
4 Alex Pietrangelo Aaron Ekblad 10 0 2 3
PowerPlay Forward
Center Left Wing Right Wing Time % Phy DF OF
1 Matt Duchene Pavel Buchnevich Drake Batherson 60 0 1 4
2 Aleksander Barkov Derick Brassard Tyler Toffoli 40 0 1 4
PowerPlay Defense
Defense Defense Time % Phy DF OF
1 Alex Pietrangelo Aaron Ekblad 60 0 2 3
2 Danny DeKeiser Niklas Hansson 40 0 2 3
Penalty Kill 4 Players Forward
Center Wing Time % Phy DF OF
1 Aleksander Barkov Tyler Toffoli 60 1 3 1
2 Miro Aaltonen Jordan Szwarz 40 1 3 1
Penalty Kill 4 Players Defense
Defense Defense Time % Phy DF OF
1 Alex Pietrangelo Niklas Hansson 60 1 4 0
2 Danny DeKeiser Aaron Ekblad 40 1 4 0
Penalty Kill - 3 Players Forward
Forward Time % Phy DF OF
1 Tyler Toffoli 60 1 3 1
2 Aleksander Barkov 40 1 3 1
Penalty Kill - 3 Players Defense
Defense Defense Time % Phy DF OF
1 Alex Pietrangelo Niklas Hansson 60 1 3 1
2 Danny DeKeiser Aaron Ekblad 40 1 3 1
4 vs 4 Forward
Center Wing Time % Phy DF OF
1 Matt Duchene Drake Batherson 60 0 2 3
2 Aleksander Barkov Pavel Buchnevich 40 0 2 3
4 vs 4 Defense
Defense Defense Time % Phy DF OF
1 Alex Pietrangelo Aaron Ekblad 60 1 2 2
2 Danny DeKeiser Niklas Hansson 40 1 2 2
Last Minutes Offensive
Center Left Wing Right Wing Defense Defense
Matt Duchene Pavel Buchnevich Drake Batherson Alex Pietrangelo Aaron Ekblad
Last Minutes Defensive
Center Left Wing Right Wing Defense Defense
Aleksander Barkov Derick Brassard Tyler Toffoli Aaron Ekblad Niklas Hansson
Goaltenders
Starting : Brandon Halverson
Backup : Ville Husso
Extra Forwards
Normal : Aleksander Barkov, Tyler Toffoli, Matt Duchene - PP : Tyler Toffoli, Matt Duchene - PK : Miro Aaltonen
Extra Defensemen
Normal : Niklas Hansson, Alex Pietrangelo, Aaron Ekblad - PP : Alex Pietrangelo - PK : Radim Simek, Niklas Hansson
Penalty Shots
Drake Batherson, Tyler Toffoli, Pavel Buchnevich, Matt Duchene, Aleksander Barkov
Custom OT Lines Forwards
Matt Duchene, Tyler Toffoli, Aleksander Barkov, Drake Batherson, Pavel Buchnevich, Jordan Szwarz, Miro Aaltonen, Derick Brassard, Nikolay Goldobin, Chris Bourque
Custom OT Lines Defensemen
Alex Pietrangelo, Aaron Ekblad, Danny DeKeiser, Niklas Hansson, Radim Simek
Scratches
Griffin Reinhart (Herniated Disc Injury), Zac Rinaldo (Healthy)
Flyers
5 vs 5 Forward
Center Left Wing Right Wing Time % Phy DF OF
1 Jordan Nolan Nick Ritchie Travis Konecny 40 0 2 3
2 Kevin Hayes Samuel Morin Kasperi Kapanen 30 0 2 3
3 Calle Jarnkrok Max Pacioretty Niclas Bergfors 22 0 3 2
4 Patrice Bergeron Michael Bournival Alexandre Grenier 8 1 3 1
5 vs 5 Defense
Defense Defense Time % Phy DF OF
1 Hampus Lindholm Brian Lashoff 40 0 3 2
2 Nathan Beaulieu Cal Foote 33 0 3 2
3 Jake Dotchin Jacob Trouba 20 1 3 1
4 Hampus Lindholm Jacob Trouba 7 0 3 2
PowerPlay Forward
Center Left Wing Right Wing Time % Phy DF OF
1 Jordan Nolan Nick Ritchie Travis Konecny 55 0 1 4
2 Kevin Hayes Max Pacioretty Kasperi Kapanen 45 0 1 4
PowerPlay Defense
Defense Defense Time % Phy DF OF
1 Hampus Lindholm Brian Lashoff 55 0 1 4
2 Nathan Beaulieu Jacob Trouba 45 0 1 4
Penalty Kill 4 Players Forward
Center Wing Time % Phy DF OF
1 Kevin Hayes Samuel Morin 60 1 4 0
2 Calle Jarnkrok Max Pacioretty 40 1 4 0
Penalty Kill 4 Players Defense
Defense Defense Time % Phy DF OF
1 Hampus Lindholm Brian Lashoff 55 1 4 0
2 Nathan Beaulieu Jacob Trouba 45 1 4 0
Penalty Kill - 3 Players Forward
Forward Time % Phy DF OF
1 Kevin Hayes 55 1 4 0
2 Jordan Nolan 45 1 4 0
Penalty Kill - 3 Players Defense
Defense Defense Time % Phy DF OF
1 Hampus Lindholm Brian Lashoff 55 1 4 0
2 Nathan Beaulieu Jacob Trouba 45 1 4 0
4 vs 4 Forward
Center Wing Time % Phy DF OF
1 Jordan Nolan Nick Ritchie 55 0 2 3
2 Kevin Hayes Kasperi Kapanen 45 0 2 3
4 vs 4 Defense
Defense Defense Time % Phy DF OF
1 Hampus Lindholm Brian Lashoff 55 0 3 2
2 Nathan Beaulieu Cal Foote 45 0 3 2
Last Minutes Offensive
Center Left Wing Right Wing Defense Defense
Jordan Nolan Nick Ritchie Kasperi Kapanen Hampus Lindholm Jacob Trouba
Last Minutes Defensive
Center Left Wing Right Wing Defense Defense
Kevin Hayes Samuel Morin Kasperi Kapanen Hampus Lindholm Jacob Trouba
Goaltenders
Starting : Ilya Sorokin
Backup : Steve Mason
Extra Forwards
Normal : Nick Ritchie, Kasperi Kapanen, Calle Jarnkrok - PP : Nick Ritchie, Kevin Hayes - PK : Nick Ritchie
Extra Defensemen
Normal : Hampus Lindholm, Cal Foote, Jacob Trouba - PP : Hampus Lindholm - PK : Hampus Lindholm, Nathan Beaulieu
Penalty Shots
Niclas Bergfors, Jordan Nolan, Kasperi Kapanen, Travis Konecny, Nick Ritchie
Custom OT Lines Forwards
Jordan Nolan, Nick Ritchie, Kasperi Kapanen, Niclas Bergfors, Travis Konecny, Max Pacioretty, Samuel Morin, Kevin Hayes, Calle Jarnkrok, Michael Bournival
Custom OT Lines Defensemen
Hampus Lindholm, Jacob Trouba, Nathan Beaulieu, Brian Lashoff, Jake Dotchin
Scratches
None
% Time on Ice - Panthers
Lines # - Real PCT - Wanted PCT - Time Play
Normal Forward
1 - 38% - 40% - 18:47
2 - 25% - 30% - 12:37
3 - 23% - 20% - 11:38
4 - 14% - 10% - 6:54
Normal Defense
1 - 39% - 40% - 19:25
2 - 30% - 30% - 15:11
3 - 24% - 20% - 11:47
4 - 7% - 10% - 3:33
PP Forward
1 - 58% - 60% - 3:26
2 - 42% - 40% - 2:31
PP Defense
1 - 55% - 60% - 3:17
2 - 45% - 40% - 2:40
PK Forward
1 - 83% - 60% - 3:26
2 - 17% - 40% - 0:41
PK Defense
1 - 61% - 60% - 2:30
2 - 39% - 40% - 1:37
PK3 Forward
1 - 0% - 60%
2 - 0% - 40%
PK3 Defense
1 - 0% - 60%
2 - 0% - 40%
44 Forward
1 - 0% - 60%
2 - 0% - 40%
44 Defense
1 - 0% - 60%
2 - 0% - 40%
Last Minute Offensive - 0:00
Last Minute Defensive - 0:00
Total
Forward - 60:00
Defense - 60:00
|
% Time on Ice - Flyers
Lines # - Real PCT - Wanted PCT - Time Play
Normal Forward
1 - 37% - 40% - 18:14
2 - 27% - 30% - 13:27
3 - 22% - 22% - 10:56
4 - 15% - 8% - 7:19
Normal Defense
1 - 37% - 40% - 18:35
2 - 36% - 33% - 17:50
3 - 21% - 20% - 10:30
4 - 6% - 7% - 3:01
PP Forward
1 - 57% - 55% - 2:20
2 - 43% - 45% - 1:47
PP Defense
1 - 63% - 55% - 2:36
2 - 37% - 45% - 1:31
PK Forward
1 - 71% - 60% - 4:15
2 - 29% - 40% - 1:42
PK Defense
1 - 47% - 55% - 2:47
2 - 53% - 45% - 3:10
PK3 Forward
1 - 0% - 55%
2 - 0% - 45%
PK3 Defense
1 - 0% - 55%
2 - 0% - 45%
44 Forward
1 - 0% - 55%
2 - 0% - 45%
44 Defense
1 - 0% - 55%
2 - 0% - 45%
Last Minute Offensive - 0:00
Last Minute Defensive - 0:00
Total
Forward - 60:00
Defense - 60:00
|
Play-by-Play
1st period
0:01 of 1st period - Matt Duchene wins face-off versus Jordan Nolan in neutral zone.
0:14 of 1st period - Brian Lashoff is hit by Aaron Ekblad and loses puck.
0:31 of 1st period - Hampus Lindholm is hit by Tyler Toffoli and loses puck.
0:52 of 1st period - Snap shot by Miro Aaltonen.
0:52 of 1st period - Deflect By Nikolay Goldobin.
0:52 of 1st period - Stopped by Ilya Sorokin without a rebound.
0:53 of 1st period - Miro Aaltonen wins face-off versus Calle Jarnkrok in Flyers zone.
1:12 of 1st period - Snap shot by Jordan Szwarz.
1:12 of 1st period - Stopped by Ilya Sorokin without a rebound.
1:13 of 1st period - Patrice Bergeron wins face-off versus Dominik Kahun in Flyers zone.
1:30 of 1st period - Snap shot by Patrice Bergeron.
1:30 of 1st period - Shot Misses the Net.
2:04 of 1st period - Aaron Ekblad is hit by Samuel Morin and loses puck.
2:20 of 1st period - Nikolay Goldobin is hit by Max Pacioretty and loses puck.
2:44 of 1st period - Slapshot by Hampus Lindholm.
2:44 of 1st period - Shot Misses the Net.
3:02 of 1st period - Nathan Beaulieu is hit by Aleksander Barkov and loses puck.
3:11 of 1st period - Wrist shot by Jordan Nolan.
3:11 of 1st period - Deflect By Nick Ritchie.
3:11 of 1st period - Stopped by Brandon Halverson without a rebound.
3:12 of 1st period - Matt Duchene wins face-off versus Kevin Hayes in Panthers zone.
3:12 of 1st period - Matt Duchene is hit by Samuel Morin.
3:26 of 1st period - Wrist shot by Matt Duchene.
3:26 of 1st period - Shot Misses the Net.
3:46 of 1st period - Wrist shot by Tyler Toffoli.
3:46 of 1st period - Stopped by Ilya Sorokin with a rebound.
3:48 of 1st period - Slapshot by Radim Simek.
3:48 of 1st period - Stopped by Ilya Sorokin without a rebound.
3:49 of 1st period - Matt Duchene wins face-off versus Jordan Nolan in Flyers zone.
3:55 of 1st period - Snap shot by Matt Duchene.
3:55 of 1st period - Stopped by Ilya Sorokin without a rebound.
3:56 of 1st period - Jordan Nolan wins face-off versus Matt Duchene in Flyers zone.
4:12 of 1st period - Wrist shot by Jordan Nolan.
4:12 of 1st period - Shot Misses the Net.
4:26 of 1st period - Snap shot by Matt Duchene.
4:26 of 1st period - Shot Blocked by Nick Ritchie.
4:34 of 1st period - Snap shot by Drake Batherson.
4:34 of 1st period - Stopped by Ilya Sorokin with a rebound.
4:36 of 1st period - Wrist shot by Alex Pietrangelo.
4:36 of 1st period - Shot Misses the Net.
6:06 of 1st period - Wrist shot by Jordan Nolan.
6:06 of 1st period - Stopped by Brandon Halverson without a rebound.
6:07 of 1st period - Kevin Hayes wins face-off versus Aleksander Barkov in Panthers zone.
6:10 of 1st period - Slapshot by Kasperi Kapanen.
6:10 of 1st period - Stopped by Brandon Halverson without a rebound.
6:11 of 1st period - Samuel Morin wins face-off versus Aleksander Barkov in Panthers zone.
6:14 of 1st period - Wrist shot by Kevin Hayes.
6:14 of 1st period - Shot Blocked by Aleksander Barkov.
6:38 of 1st period - Wrist shot by Calle Jarnkrok.
6:38 of 1st period - Deflect By Niclas Bergfors.
6:38 of 1st period - Shot Misses the Net.
6:38 of 1st period - Puck is out of play.
6:39 of 1st period - Calle Jarnkrok wins face-off versus Miro Aaltonen in Panthers zone.
6:46 of 1st period - Jacob Trouba is hit by Miro Aaltonen and loses puck.
6:57 of 1st period - Calle Jarnkrok is hit by Jordan Szwarz and loses puck.
7:06 of 1st period - Jordan Szwarz is hit by Max Pacioretty.
8:02 of 1st period - Wrist shot by Calle Jarnkrok.
8:02 of 1st period - Stopped by Brandon Halverson with a rebound.
8:04 of 1st period - Slapshot by Brian Lashoff.
8:04 of 1st period - Shot Misses the Net.
8:06 of 1st period - Wrist shot by Calle Jarnkrok.
8:06 of 1st period - Shot Misses the Net.
8:08 of 1st period - Snap shot by Brian Lashoff.
8:08 of 1st period - Deflect By Calle Jarnkrok.
8:08 of 1st period - Shot Misses the Net.
8:08 of 1st period - Puck is out of play.
8:09 of 1st period - Kevin Hayes wins face-off versus Aleksander Barkov in Panthers zone.
8:12 of 1st period - Slapshot by Hampus Lindholm.
8:12 of 1st period - Shot Misses the Net.
9:11 of 1st period - Kevin Hayes is hit by Drake Batherson and loses puck.
9:16 of 1st period - Wrist shot by Drake Batherson.
9:16 of 1st period - Shot Blocked by Nathan Beaulieu.
9:18 of 1st period - Slapshot by John Draeger.
9:18 of 1st period - Stopped by Ilya Sorokin with a rebound.
11:04 of 1st period - Slapshot by Miro Aaltonen.
11:04 of 1st period - Stopped by Ilya Sorokin with a rebound.
11:33 of 1st period - Hampus Lindholm is hit by John Draeger and loses puck.
11:52 of 1st period - Nathan Beaulieu is hit by John Draeger and loses puck.
12:57 of 1st period - Kevin Hayes is hit by Miro Aaltonen and loses puck.
13:12 of 1st period - Cal Foote is hit by Alex Pietrangelo and loses puck.
13:28 of 1st period - Radim Simek is hit by Samuel Morin and loses puck.
13:38 of 1st period - Off-side.
13:39 of 1st period - Jordan Nolan wins face-off versus Matt Duchene in neutral zone.
14:46 of 1st period - Wrist shot by Nick Ritchie.
14:46 of 1st period - Stopped by Brandon Halverson with a rebound.
14:54 of 1st period - Alex Pietrangelo is hit by Hampus Lindholm and loses puck.
15:02 of 1st period - Icing by Alex Pietrangelo.
15:03 of 1st period - Max Pacioretty wins face-off versus Dominik Kahun in Panthers zone.
15:04 of 1st period - Slapshot by Niclas Bergfors.
15:04 of 1st period - Deflect By Aaron Ekblad.
15:04 of 1st period - Shot Blocked by Chris Bourque.
15:04 of 1st period - Puck is out of play.
15:05 of 1st period - Kevin Hayes wins face-off versus Matt Duchene in Panthers zone.
15:20 of 1st period - Snap shot by Matt Duchene.
15:20 of 1st period - Shot Misses the Net.
16:42 of 1st period - Slapshot by Alex Pietrangelo.
16:42 of 1st period - Shot Misses the Net.
16:44 of 1st period - Wrist shot by Pavel Buchnevich.
16:44 of 1st period - Goal by Pavel Buchnevich - Panthers : 1 - Flyers : 0.
16:45 of 1st period - Matt Duchene wins face-off versus Travis Konecny in neutral zone.
17:30 of 1st period - Tyler Toffoli is hit by Kevin Hayes and loses puck.
17:43 of 1st period - Wrist shot by Kevin Hayes.
17:43 of 1st period - Stopped by Brandon Halverson without a rebound.
17:44 of 1st period - Matt Duchene wins face-off versus Jordan Nolan in Panthers zone.
18:48 of 1st period - Minor Penalty to Dmitrij Jaskin for Delaying the game.
18:49 of 1st period - Jordan Nolan wins face-off versus Aleksander Barkov in Panthers zone.
18:50 of 1st period - Snap shot by Nick Ritchie.
18:50 of 1st period - Shot Blocked by Niklas Hansson.
Goals for this period are 1 for Panthers vs 0 for Flyers.
Shots for this period are 9 for Panthers vs 6 for Flyers.
2nd period
0:01 of 2nd period - Jordan Nolan wins face-off versus Aleksander Barkov in neutral zone.
0:14 of 2nd period - Slapshot by Hampus Lindholm.
0:14 of 2nd period - Deflect By Tyler Toffoli.
0:14 of 2nd period - Stopped by Brandon Halverson with a rebound.
0:48 of 2nd period - Penalty to Dmitrij Jaskin is over, Dmitrij Jaskin is back on ice.
0:58 of 2nd period - Snap shot by Jacob Trouba.
0:58 of 2nd period - Shot Blocked by Danny DeKeiser.
1:00 of 2nd period - Slapshot by Jacob Trouba.
1:00 of 2nd period - Stopped by Brandon Halverson without a rebound.
1:01 of 2nd period - Michael Bournival wins face-off versus Matt Duchene in Panthers zone.
1:28 of 2nd period - Cal Foote is hit by Derick Brassard and loses puck.
2:15 of 2nd period - Wrist shot by Max Pacioretty.
2:15 of 2nd period - Stopped by Brandon Halverson without a rebound.
2:16 of 2nd period - Matt Duchene wins face-off versus Calle Jarnkrok in Panthers zone.
2:42 of 2nd period - Nick Ritchie is hit by Danny DeKeiser and loses puck.
3:11 of 2nd period - Snap shot by Kevin Hayes.
3:11 of 2nd period - Stopped by Brandon Halverson with a rebound.
3:33 of 2nd period - Aaron Ekblad is hit by Max Pacioretty.
3:39 of 2nd period - Snap shot by Niclas Bergfors.
3:39 of 2nd period - Stopped by Brandon Halverson with a rebound.
3:46 of 2nd period - Minor Penalty to Jake Dotchin for Cross-checking.
3:47 of 2nd period - Matt Duchene wins face-off versus Kevin Hayes in Flyers zone.
5:04 of 2nd period - Icing by Alex Pietrangelo.
5:05 of 2nd period - Kevin Hayes wins face-off versus Matt Duchene in Panthers zone.
5:11 of 2nd period - Icing by Aaron Ekblad.
5:12 of 2nd period - Kevin Hayes wins face-off versus Aleksander Barkov in Panthers zone.
5:46 of 2nd period - Penalty to Jake Dotchin is over, Jake Dotchin is back on ice.
5:49 of 2nd period - Minor Penalty to Travis Konecny for Delaying the game.
5:50 of 2nd period - Matt Duchene wins face-off versus Kevin Hayes in Flyers zone.
6:11 of 2nd period - Kevin Hayes is hit by Drake Batherson and loses puck.
7:08 of 2nd period - Slapshot by Nathan Beaulieu.
7:08 of 2nd period - Stopped by Brandon Halverson with a rebound.
7:49 of 2nd period - Penalty to Travis Konecny is over, Travis Konecny is back on ice.
7:58 of 2nd period - Cal Foote is hit by Jordan Szwarz and loses puck.
8:03 of 2nd period - Wrist shot by Miro Aaltonen.
8:03 of 2nd period - Goal by Miro Aaltonen - Panthers : 2 - Flyers : 0.
8:04 of 2nd period - Jordan Nolan wins face-off versus Miro Aaltonen in neutral zone.
8:11 of 2nd period - Slapshot by Nick Ritchie.
8:11 of 2nd period - Shot Blocked by Jordan Szwarz.
8:19 of 2nd period - Slapshot by Nick Ritchie.
8:19 of 2nd period - Stopped by Brandon Halverson with a rebound.
8:21 of 2nd period - Snap shot by Travis Konecny.
8:21 of 2nd period - Shot Blocked by Miro Aaltonen.
8:36 of 2nd period - Miro Aaltonen is hit by Calle Jarnkrok.
8:37 of 2nd period - Icing by Miro Aaltonen.
8:38 of 2nd period - Calle Jarnkrok wins face-off versus Miro Aaltonen in Panthers zone.
8:43 of 2nd period - Wrist shot by Calle Jarnkrok.
8:43 of 2nd period - Shot Misses the Net.
8:45 of 2nd period - Slapshot by Niclas Bergfors.
8:45 of 2nd period - Stopped by Brandon Halverson without a rebound.
8:46 of 2nd period - Matt Duchene wins face-off versus Jordan Nolan in Panthers zone.
9:03 of 2nd period - Aaron Ekblad is hit by Brian Lashoff and loses puck.
9:07 of 2nd period - Icing by Aaron Ekblad.
9:08 of 2nd period - Matt Duchene wins face-off versus Kevin Hayes in Panthers zone.
9:13 of 2nd period - Snap shot by Drake Batherson.
9:13 of 2nd period - Stopped by Ilya Sorokin without a rebound.
9:14 of 2nd period - Matt Duchene wins face-off versus Kevin Hayes in Flyers zone.
9:19 of 2nd period - Slapshot by Pavel Buchnevich.
9:19 of 2nd period - Deflect By Drake Batherson.
9:19 of 2nd period - Shot Blocked by Nathan Beaulieu.
9:19 of 2nd period - Puck is out of play.
9:20 of 2nd period - Jordan Nolan wins face-off versus Matt Duchene in Flyers zone.
9:53 of 2nd period - Slapshot by Matt Duchene.
9:53 of 2nd period - Shot Misses the Net.
9:55 of 2nd period - Snap shot by Drake Batherson.
9:55 of 2nd period - Shot Blocked by Kevin Hayes.
10:09 of 2nd period - Wrist shot by Tyler Toffoli.
10:09 of 2nd period - Deflect By Derick Brassard.
10:09 of 2nd period - Stopped by Ilya Sorokin with a rebound.
10:11 of 2nd period - Snap shot by Derick Brassard.
10:11 of 2nd period - Stopped by Ilya Sorokin with a rebound.
10:13 of 2nd period - Backhand shot by Aleksander Barkov.
10:13 of 2nd period - Shot Misses the Net.
10:15 of 2nd period - Backhand shot by Aleksander Barkov.
10:15 of 2nd period - Shot Misses the Net.
10:17 of 2nd period - Wrist shot by Aleksander Barkov.
10:17 of 2nd period - Goal by Aleksander Barkov - Panthers : 3 - Flyers : 0.
10:18 of 2nd period - Travis Konecny wins face-off versus Aleksander Barkov in neutral zone.
11:21 of 2nd period - Minor Penalty to Calle Jarnkrok for Holding.
11:22 of 2nd period - Kevin Hayes wins face-off versus Matt Duchene in Flyers zone.
11:49 of 2nd period - Derick Brassard is hit by Nick Ritchie and loses puck.
13:21 of 2nd period - Penalty to Calle Jarnkrok is over, Calle Jarnkrok is back on ice.
14:22 of 2nd period - Icing by Max Pacioretty.
14:23 of 2nd period - Calle Jarnkrok wins face-off versus Aleksander Barkov in Flyers zone.
14:56 of 2nd period - Snap shot by Michael Bournival.
14:56 of 2nd period - Shot Misses the Net.
16:12 of 2nd period - Wrist shot by Jordan Szwarz.
16:12 of 2nd period - Shot Misses the Net.
16:18 of 2nd period - Aaron Ekblad is hit by Travis Konecny and loses puck.
17:03 of 2nd period - Off-side.
17:04 of 2nd period - Tyler Toffoli wins face-off versus Jordan Nolan in neutral zone.
17:11 of 2nd period - Backhand shot by Aleksander Barkov.
17:11 of 2nd period - Stopped by Ilya Sorokin with a rebound.
17:13 of 2nd period - Slapshot by Aleksander Barkov.
17:13 of 2nd period - Shot Misses the Net.
17:30 of 2nd period - Icing by Aleksander Barkov.
17:31 of 2nd period - Aleksander Barkov wins face-off versus Kevin Hayes in Panthers zone.
17:42 of 2nd period - Snap shot by Kevin Hayes.
17:42 of 2nd period - Stopped by Brandon Halverson with a rebound.
17:44 of 2nd period - Wrist shot by Kevin Hayes.
17:44 of 2nd period - Deflect By Kasperi Kapanen.
17:44 of 2nd period - Stopped by Brandon Halverson without a rebound.
17:45 of 2nd period - Matt Duchene wins face-off versus Jordan Nolan in Panthers zone.
17:45 of 2nd period - Matt Duchene is hit by Travis Konecny.
17:51 of 2nd period - Wrist shot by Drake Batherson.
17:51 of 2nd period - Stopped by Ilya Sorokin without a rebound.
17:52 of 2nd period - Jordan Nolan wins face-off versus Matt Duchene in Flyers zone.
17:57 of 2nd period - Slapshot by Nick Ritchie.
17:57 of 2nd period - Goal by Nick Ritchie - Panthers : 3 - Flyers : 1.
17:58 of 2nd period - Matt Duchene wins face-off versus Jordan Nolan in neutral zone.
17:58 of 2nd period - Matt Duchene is hit by Brian Lashoff.
18:02 of 2nd period - Nick Ritchie is hit by Matt Duchene and loses puck.
18:52 of 2nd period - Snap shot by Miro Aaltonen.
18:52 of 2nd period - Shot Blocked by Niclas Bergfors.
19:33 of 2nd period - Off-side.
19:34 of 2nd period - Jordan Nolan wins face-off versus Matt Duchene in neutral zone.
19:59 of 2nd period - Slapshot by Pavel Buchnevich.
19:59 of 2nd period - Shot Misses the Net.
Goals for this period are 2 for Panthers vs 1 for Flyers.
Shots for this period are 7 for Panthers vs 11 for Flyers.
3rd period
0:01 of 3rd period - Jordan Nolan wins face-off versus Matt Duchene in neutral zone.
0:04 of 3rd period - Snap shot by Nick Ritchie.
0:04 of 3rd period - Shot Misses the Net.
0:16 of 3rd period - Slapshot by Nick Ritchie.
0:16 of 3rd period - Stopped by Brandon Halverson without a rebound.
0:17 of 3rd period - Kasperi Kapanen wins face-off versus Aleksander Barkov in Panthers zone.
0:38 of 3rd period - Kevin Hayes is hit by Aleksander Barkov and loses puck.
0:49 of 3rd period - Wrist shot by Kasperi Kapanen.
0:49 of 3rd period - Goal by Kasperi Kapanen - Panthers : 3 - Flyers : 2.
0:50 of 3rd period - Matt Duchene wins face-off versus Jordan Nolan in neutral zone.
1:51 of 3rd period - Slapshot by Brian Lashoff.
1:51 of 3rd period - Deflect By Niclas Bergfors.
1:51 of 3rd period - Shot Misses the Net.
1:51 of 3rd period - Puck is out of play.
1:52 of 3rd period - Matt Duchene wins face-off versus Jordan Nolan in Panthers zone.
1:54 of 3rd period - Minor Penalty to Matt Duchene for Elbowing.
1:55 of 3rd period - Jordan Nolan wins face-off versus Aleksander Barkov in Panthers zone.
2:03 of 3rd period - Snap shot by Nick Ritchie.
2:03 of 3rd period - Goal by Nick Ritchie - Panthers : 3 - Flyers : 3.
2:04 of 3rd period - Jordan Nolan wins face-off versus Matt Duchene in neutral zone.
2:06 of 3rd period - Off-side.
2:07 of 3rd period - Jordan Nolan wins face-off versus Matt Duchene in neutral zone.
2:50 of 3rd period - Slapshot by Alex Pietrangelo.
2:50 of 3rd period - Shot Blocked by Hampus Lindholm.
2:52 of 3rd period - Slapshot by Matt Duchene.
2:52 of 3rd period - Shot Blocked by Hampus Lindholm.
3:52 of 3rd period - Slapshot by Alex Pietrangelo.
3:52 of 3rd period - Shot Misses the Net.
3:54 of 3rd period - Wrist shot by Drake Batherson.
3:54 of 3rd period - Shot Misses the Net.
4:04 of 3rd period - Wrist shot by Drake Batherson.
4:04 of 3rd period - Shot Blocked by Jacob Trouba.
4:06 of 3rd period - Snap shot by Pavel Buchnevich.
4:06 of 3rd period - Stopped by Ilya Sorokin without a rebound.
4:07 of 3rd period - Kevin Hayes wins face-off versus Aleksander Barkov in Flyers zone.
4:57 of 3rd period - Cal Foote is hit by Dmitrij Jaskin and loses puck.
5:21 of 3rd period - Off-side.
5:22 of 3rd period - Kevin Hayes wins face-off versus Aleksander Barkov in neutral zone.
5:39 of 3rd period - Snap shot by Kevin Hayes.
5:39 of 3rd period - Stopped by Brandon Halverson with a rebound.
6:17 of 3rd period - Wrist shot by Chris Bourque.
6:17 of 3rd period - Stopped by Ilya Sorokin without a rebound.
6:18 of 3rd period - Dominik Kahun wins face-off versus Kevin Hayes in Flyers zone.
6:25 of 3rd period - Slapshot by Alex Pietrangelo.
6:25 of 3rd period - Stopped by Ilya Sorokin with a rebound.
6:27 of 3rd period - Slapshot by Dominik Kahun.
6:27 of 3rd period - Shot Blocked by Samuel Morin.
6:29 of 3rd period - Snap shot by Chris Bourque.
6:29 of 3rd period - Deflect By Dominik Kahun.
6:29 of 3rd period - Shot Misses the Net.
6:29 of 3rd period - Puck is out of play.
6:30 of 3rd period - Kevin Hayes wins face-off versus Aleksander Barkov in Flyers zone.
7:31 of 3rd period - Snap shot by Niclas Bergfors.
7:31 of 3rd period - Shot Misses the Net.
7:49 of 3rd period - Snap shot by Miro Aaltonen.
7:49 of 3rd period - Deflect By Jordan Szwarz.
7:49 of 3rd period - Stopped by Ilya Sorokin with a rebound.
7:51 of 3rd period - Snap shot by Jordan Szwarz.
7:51 of 3rd period - Stopped by Ilya Sorokin without a rebound.
7:52 of 3rd period - Drake Batherson wins face-off versus Jordan Nolan in Flyers zone.
8:03 of 3rd period - Snap shot by Pavel Buchnevich.
8:03 of 3rd period - Shot Misses the Net.
8:05 of 3rd period - Slapshot by Niklas Hansson.
8:05 of 3rd period - Stopped by Ilya Sorokin with a rebound.
8:07 of 3rd period - Slapshot by Matt Duchene.
8:07 of 3rd period - Shot Misses the Net.
8:09 of 3rd period - Slapshot by Danny DeKeiser.
8:09 of 3rd period - Shot Misses the Net.
8:19 of 3rd period - Nathan Beaulieu is hit by Jordan Szwarz and loses puck.
8:26 of 3rd period - Wrist shot by Nikolay Goldobin.
8:26 of 3rd period - Shot Misses the Net.
8:28 of 3rd period - Slapshot by John Draeger.
8:28 of 3rd period - Shot Misses the Net.
8:30 of 3rd period - Wrist shot by Miro Aaltonen.
8:30 of 3rd period - Stopped by Ilya Sorokin without a rebound.
8:31 of 3rd period - Kevin Hayes wins face-off versus Matt Duchene in Flyers zone.
8:57 of 3rd period - Slapshot by Aleksander Barkov.
8:57 of 3rd period - Shot Misses the Net.
9:41 of 3rd period - Backhand shot by Dmitrij Jaskin.
9:41 of 3rd period - Shot Blocked by Jake Dotchin.
9:43 of 3rd period - Snap shot by Chris Bourque.
9:43 of 3rd period - Shot Blocked by Jacob Trouba.
10:08 of 3rd period - Wrist shot by Matt Duchene.
10:08 of 3rd period - Stopped by Ilya Sorokin with a rebound.
10:10 of 3rd period - Wrist shot by Drake Batherson.
10:10 of 3rd period - Stopped by Ilya Sorokin with a rebound.
10:28 of 3rd period - Slapshot by Niklas Hansson.
10:28 of 3rd period - Shot Blocked by Samuel Morin.
10:40 of 3rd period - Niklas Hansson is hit by Travis Konecny and loses puck.
10:49 of 3rd period - Travis Konecny is hit by Danny DeKeiser.
11:01 of 3rd period - Chris Bourque is hit by Calle Jarnkrok and loses puck.
11:08 of 3rd period - Slapshot by Hampus Lindholm.
11:08 of 3rd period - Shot Misses the Net.
11:24 of 3rd period - Radim Simek is hit by Kevin Hayes and loses puck.
12:11 of 3rd period - Derick Brassard is hit by Cal Foote and loses puck.
13:06 of 3rd period - Wrist shot by Calle Jarnkrok.
13:06 of 3rd period - Shot Misses the Net.
13:28 of 3rd period - Radim Simek is hit by Jacob Trouba and loses puck.
14:11 of 3rd period - Snap shot by Jordan Nolan.
14:11 of 3rd period - Shot Blocked by Aaron Ekblad.
14:15 of 3rd period - Snap shot by Travis Konecny.
14:15 of 3rd period - Stopped by Brandon Halverson without a rebound.
14:16 of 3rd period - Aleksander Barkov wins face-off versus Calle Jarnkrok in Panthers zone.
14:23 of 3rd period - Snap shot by Derick Brassard.
14:23 of 3rd period - Shot Misses the Net.
14:53 of 3rd period - Wrist shot by Jordan Szwarz.
14:53 of 3rd period - Stopped by Ilya Sorokin without a rebound.
14:54 of 3rd period - Jordan Nolan wins face-off versus Matt Duchene in Flyers zone.
15:27 of 3rd period - Minor Penalty to Derick Brassard for Holding.
15:28 of 3rd period - Aleksander Barkov wins face-off versus Nick Ritchie in Panthers zone.
17:27 of 3rd period - Penalty to Derick Brassard is over, Derick Brassard is back on ice.
17:33 of 3rd period - John Draeger is hit by Nathan Beaulieu and loses puck.
19:50 of 3rd period - Michael Bournival is hit by John Draeger and loses puck.
Goals for this period are 0 for Panthers vs 2 for Flyers.
Shots for this period are 10 for Panthers vs 5 for Flyers.
Overtime #1
0:01 of 1st overtime period - Matt Duchene wins face-off versus Jordan Nolan in neutral zone.
0:06 of 1st overtime period - Snap shot by Matt Duchene.
0:06 of 1st overtime period - Stopped by Ilya Sorokin without a rebound.
0:07 of 1st overtime period - Matt Duchene wins face-off versus Jordan Nolan in Flyers zone.
0:34 of 1st overtime period - Wrist shot by Matt Duchene.
0:34 of 1st overtime period - Goal by Matt Duchene - Panthers : 4 - Flyers : 3.
Goals for this period are 1 for Panthers vs 0 for Flyers.
Shots for this period are 2 for Panthers vs 0 for Flyers.
Output by the SimonT Hockey Simulator (STHS) for Francois Prevost